 Dungeon Crawl Stone Soup version 0.25-a0-1133-g93ebf739aa (webtiles) character file.

Game seed: 7100741170491343466, levelgen mode: deterministic

700 Echocat the Gouger (level 7, -7/49 HPs)
             Began as a Felid Berserker on May 22, 2020.
             Was a Priest of Trog.
             Mangled by an orc warrior
             ... wielding a +0 flail
              (10 damage)
             ... on level 5 of the Dungeon.
             The game lasted 00:28:33 (6350 turns).

Echocat the Gouger (Felid Berserker)                Turns: 6350, Time: 00:28:33

Health: -7/49      AC:  2    Str: 13 (15) XL:     7   Next: 38%
Magic:  8/8        EV: 20    Int:  5 (8)  God:    Trog [***...]
Gold:   219        SH:  0    Dex: 13 (16) Spells: 6/6 levels left
                                        Lives:  0   Deaths: 2

rFire    . . .     SeeInvis +     - Unarmed
rCold    . . .     Gourm    .   (shield unavailable)
rNeg     . . .     Faith    .   (armour unavailable)
rPois    .         Spirit   .   (helmet unavailable)
rElec    .         Reflect  .   (cloak unavailable)
rCorr    .         Harm     .   (gloves unavailable)
MR       +....                  (boots unavailable)
Stlth    ..........             (no amulet)
HPRegen  0.16/turn              (no ring)
MPRegen  0.11/turn              (no ring)

@: berserking, very quick
A: very small, no armour, no weapons or thrown items, stealth, claws 1, fangs 3,
see invisible, carnivore, speed 1, shaggy fur 2, slow metabolism 1, sharp paws
a: Berserk, Trog's Hand, Renounce Religion


You were on level 5 of the Dungeon.
You worshipped Trog.
Trog was most pleased with you.
You were not hungry.

You visited 1 branch of the dungeon, and saw 5 of its levels.

You collected 219 gold pieces.

Inventory:

Missiles
 c - 6 atropa-tipped darts
Armour
 n - the +2 hood of the Assassin {Detection Stab+ Stlth++}
   (You found it on level 5 of the Dungeon)

   It makes you much more stealthy.
Wands
 d - a wand of disintegration (14)
 m - a wand of random effects (22)
Scrolls
 b - 2 scrolls of identify
 e - a scroll of magic mapping
 i - 4 scrolls of remove curse
 l - a scroll of amnesia
 o - a scroll of fear
Potions
 f - a potion of cancellation
 h - a potion of flight
 j - a potion of ambrosia
 k - a potion of heal wounds
Comestibles
 a - 10 rations


   Skills:
 * Level 5.0 Fighting
 + Level 5.8 Dodging
 + Level 4.6 Stealth
 * Level 8.8 Unarmed Combat


You had 6 spell levels left.
You didn't know any spells.
Your spell library contained the following spells:

 Spells                   Type           Power        Failure   Level  Hunger
 Magic Dart               Conj           #...         47%         1    ##.....
 Searing Ray              Conj           #.....       63%         2    ###....
 Dazzling Flash           Conj/Hex       #.....       85%         3    ####...
 Fulminant Prism          Conj/Hex       #.........   99%         4    #####..
 Iskenderun's Mystic Bla  Conj/Tloc      #.......     99%         4    #####..


Dungeon Overview and Level Annotations

Branches:
Dungeon (5/15)             Temple (0/1) D:5

Altars:
Ashenzari
Cheibriados
Fedhas
Kikubaaqudgha
Makhleb
Nemelex Xobeh
Okawaru
Ru
Sif Muna
Uskayaw
Yredelemnul


Innate Abilities, Weirdness & Mutations

You cannot wear armour.
You are incapable of wielding weapons or throwing items.
Your paws allow you to move quietly. (Stealth)
You have sharp claws.
You have razor-sharp teeth.
You have supernaturally acute eyesight. (SInv)
You are carnivorous and can eat meat at any time.
You cover ground quickly.
You are covered in thick fur. (AC +2)
You have a slow metabolism.
Your sharp claws are effective at attacking unaware monsters.


Message History

You scratch the orc warrior but do no damage.
Your bite misses the orc warrior. The orc warrior completely misses you.
You scratch the orc warrior but do no damage.
You barely miss the orc warrior.
The orc warrior hits you with a +0 flail!
You claw the orc warrior!
The orc warrior is moderately wounded.
The orc warrior hits you with a +0 flail!!
Ouch! That really hurt!
* * * LOW HITPOINT WARNING * * *
You barely miss the orc warrior.
The orc warrior is moderately wounded.
You scratch the orc warrior.
The orc warrior is moderately wounded.
The orc warrior hits you with a +0 flail.
* * * LOW HITPOINT WARNING * * *
A red film seems to cover your vision as you go berserk!
You feel yourself moving faster!
You feel mighty!
You feel a lot more hungry.
The orc warrior hits you with a +0 flail!
You die...

#..........#####...............
###........#..[.)................
..###...##########...............
..# #..## #####.............#
..###..##### ##..................
..#........###.......####.#..####
......>.....#......<.......<..###
..<....................##.###..##
...............o@.....(##.####...
.).).>..........................#
........................#...#....
..#..........#..........#.⌠.#....
#.##..................###...###..
#.#................[.............
..#....................⌠..>..⌠...
.................................
......................###...###..


You could see an orc warrior.

Vanquished Creatures
  Eustachio (D:5)
  Edmund (D:5)
  A sky beast (D:4)
  A necrophage (D:5)
  An ogre (D:4)
  2 scorpions
  3 crimson imps
  A bullfrog skeleton (D:4)
  4 hounds
  An orc priest (D:4)
  2 orc wizards (D:5)
  Terence (D:2)
  2 centaur skeletons (D:4)
  2 worker ants (D:5)
  Natasha (thrice) (D:3)
  6 gnolls
  A howler monkey skeleton (D:5)
  6 adders
  2 oozes
  An adder zombie (D:5)
  2 worms
  A dart slug (D:1)
  A leopard gecko (D:1)
  16 orcs
  A giant cockroach (D:3)
  8 goblins
  12 hobgoblins
  3 jackals (D:5)
  3 kobolds
  A quokka (D:5)
  9 bats
  4 frilled lizards
  2 leopard gecko skeletons
  A quokka skeleton (D:5)
  6 rats
112 creatures vanquished.

Vanquished Creatures (others)
  An adder skeleton (D:5)
1 creature vanquished.

Grand Total: 113 creatures vanquished

Notes
Turn   | Place    | Note
-------+----------+-------------------------------------------
     0 | D:1      | Echocat the Felid Berserker began the quest for the Orb.
     0 | D:1      | Reached XP level 1. HP: 10/10 MP: 2/2
   114 | D:1      | Reached XP level 2. HP: 14/14 MP: 3/3
   856 | D:1      | Reached XP level 3. HP: 17/17 MP: 4/4
   898 | D:2      | Noticed Terence
   915 | D:2      | Killed Terence
   915 | D:2      | Reached skill level 4 in Unarmed Combat
  1229 | D:2      | Reached ** piety under Trog
  1484 | D:2      | Reached XP level 4. HP: 17/21 MP: 5/5
  1576 | D:2      | Reached skill level 1 in Stealth
  1587 | D:2      | Hit by a stone thrown by a gnoll
  1588 | D:2      | Reached XP level 3. HP: -1/17 MP: 4/4
  1721 | D:2      | Found a shattered altar of Ashenzari.
  1931 | D:2      | Found an iron altar of Okawaru.
  2076 | D:2      | Reached XP level 4. HP: 19/22 MP: 5/5
  2183 | D:2      | Found a snail-covered altar of Cheibriados.
  2183 | D:2      | Found a sparkling altar of Nemelex Xobeh.
  2186 | D:2      | Found an ancient bone altar of Kikubaaqudgha.
  2283 | D:3      | Found a basalt altar of Yredelemnul.
  2283 | D:3      | Found a blossoming altar of Fedhas.
  2283 | D:3      | Found a hide-covered altar of Uskayaw.
  2283 | D:3      | Found a shimmering blue altar of Sif Muna.
  2375 | D:3      | Noticed Natasha
  2387 | D:3      | Killed Natasha
  2468 | D:3      | Found a sacrificial altar of Ru.
  2473 | D:3      | Noticed Natasha
  2478 | D:3      | Killed Natasha
  2478 | D:3      | Reached skill level 5 in Unarmed Combat
  2503 | D:3      | Noticed Natasha
  2510 | D:3      | Killed Natasha
  2510 | D:3      | Reached XP level 5. HP: 16/25 MP: 6/6
  3364 | D:4      | Found a burning altar of Makhleb.
  3465 | D:4      | Noticed an ogre
  3478 | D:4      | Gained mutation: You are covered in thick fur. (AC +2)
                  | [Felid growth]
  3478 | D:4      | Reached XP level 6. HP: 28/28 MP: 7/7
  3480 | D:4      | Reached skill level 5 in Dodging
  3480 | D:4      | Reached skill level 6 in Unarmed Combat
  4100 | D:4      | Reached XP level 7. HP: 32/32 MP: 8/8
  4683 | D:5      | Entered Level 5 of the Dungeon
  4883 | D:5      | Reached skill level 7 in Unarmed Combat
  4910 | D:5      | Noticed Eustachio
  5279 | D:5      | Killed Eustachio
  5363 | D:5      | Noticed Edmund
  5378 | D:5      | Reached *** piety under Trog
  5385 | D:5      | Killed Edmund
  5385 | D:5      | Reached skill level 8 in Unarmed Combat
  5385 | D:5      | Reached XP level 8. HP: 27/36 MP: 9/9
  5482 | D:5      | Found a staircase to the Ecumenical Temple.
  5745 | D:5      | Reached skill level 5 in Fighting
  5773 | D:5      | Mangled by an orc warrior
  5774 | D:5      | Reached XP level 7. HP: -9/32 MP: 8/8
  6073 | D:5      | Found the +2 hood of the Assassin {Detection Stab+ Stlth++}
  6350 | D:5      | Mangled by an orc warrior

Illustrated notes

Levels and vault maps discovered:
D:1:      scummos_arrival_hexagon, layout_loops_ring, hangedman_decor_growths,
          hex_tiny
D:2:      layout_loops_ring, ashenzari_altar_1, okawaru_altar_gauntlet_db,
          gammafunk_temple_overflow_forgotten, uniq_terence
D:3:      layout_loops_ring, chequers_temple_overflow_statue_of_worship,
          nicolae_overflow_crystal_walls, uniq_natasha
D:4:      layout_loops_corners, first_ration, makhleb_heckhound_becter
D:5:      layout_rooms, minmay_temple_entry_junction_2, lemuel_old_faithful,
          uniq_eustachio, uniq_edmund

Skill      XL: |  1  2  3  4  5  6  7  8 |
---------------+-------------------------+-----
Unarmed Combat | 4 5 6 8 |  8.8
Stealth        | 1 2 3 4 |  4.6
Fighting       | 4 5 |  5.0
Dodging        | 5 |  5.8

Action                   |  1- 3 |  4- 6 |  7- 9 || total
-------------------------+-------+-------+-------++-------
Melee: Unarmed           |   116 |   123 |   128 ||   367
       Bite              |     6 |    14 |    12 ||    32
       Punch             |     2 |     5 |     5 ||    12
Invok: Trog's Hand       |     2 |     4 |     2 ||     8
       Berserk           |     1 |     3 |     5 ||     9
  Use: Scroll            |     6 |     3 |     2 ||    11
       Potion            |       |     7 |     3 ||    10
 Stab: Sleeping          |     5 |     9 |     3 ||    17
       Distracted        |       |     1 |       ||     1
  Eat: Chunk             |    16 |     8 |     5 ||    29
Armor: Skin              |     7 |     3 |     5 ||    15
Dodge: Dodged            |    86 |    92 |    87 ||   265

Table legend:
 A = Non-vault XP
 B = Vault XP
 C = Vault XP percentage of total XP
 D = Non-vault monster count
 E = Vault monster count
 F = Vault count percentage of total count
                 A         B        C        D         E       F
            +---------+---------+-------+---------+---------+-------
      Total |    1455 |     497 |  25.5 |     101 |      11 |   9.8
            +---------+---------+-------+---------+---------+-------
        D:1 |      41 |       0 |   0.0 |      22 |       0 |   0.0
        D:2 |      50 |      71 |  58.7 |      13 |       7 |  35.0
        D:3 |     127 |      35 |  21.6 |      17 |       1 |   5.6
        D:4 |     727 |      42 |   5.5 |      27 |       1 |   3.6
        D:5 |     510 |     349 |  40.6 |      22 |       2 |   8.3
            +---------+---------+-------+---------+---------+-------
